 Dungeon Crawl Stone Soup version 0.29-a0-298-g3c90f9a769 (webtiles) character file.

Game seed: 16758080775368296729

44752 sfbr the Severer (level 13, -9/125 (128) HPs)
             Began as a Minotaur Berserker on Mar 22, 2022.
             Was a High Priest of Trog.
             Mangled by a spark wasp (17 damage)
             ... led by a torpor snail
             ... on level 2 of the Spider Nest on Mar 23, 2022.
             The game lasted 01:46:46 (24771 turns).

sfbr the Severer (Minotaur Berserker)              Turns: 24771, Time: 01:46:47

HP:   -9/125 (128)  AC: 17    Str: 25    XL:     13   Next: 97%
MP:   12/12         EV: 20    Int:  4    God:    Trog [*****.]
Gold: 856           SH:  5    Dex: 12    Spells: 12/12 levels left

rFire   + . .      SeeInvis .   g - +0 broad axe (protect)
rCold   + . .      Faith    .   s - orb {*Rage}
rNeg    . . .      Spirit   .   P - +3 leather armour
rPois   +          Reflect  +   (helmet restricted)
rElec   +          Harm     .   I - +0 cloak
rCorr   +          Rampage  .   d - +1 pair of gloves {Stlth+}
Will    .....      Rage     20% j - +0 pair of boots
Stlth   ++........              N - amulet of reflection
HPRegen 0.30/turn               k - +4 ring of protection
MPRegen 0.13/turn               H - +4 ring of evasion

@: resistant, slowed, lightly drained, very slow
A: horns 2, retaliatory headbutt
a: Renounce Religion, Berserk, Trog's Hand, Brothers in Arms


You were on level 2 of the Spider Nest.
You worshipped Trog.
Trog was extremely pleased with you.
You visited 5 branches of the dungeon, and saw 18 of its levels.

You collected 1080 gold pieces.
You spent 224 gold pieces at shops.

Inventory:

Hand Weapons
 g - a +0 broad axe of protection (weapon)
 D - a +0 battleaxe
 T - a +1 quarterstaff of speed
 Y - a +0 hand axe of flaming
Armour
 b - a +0 animal skin
 d - a +1 pair of gloves of stealth (worn)
 j - a +0 pair of boots (worn)
 s - an orb of wrath (worn)
 F - an orb of wrath
 I - a +0 cloak (worn)
 P - a +3 leather armour (worn)
Jewellery
 k - a +4 ring of protection (left hand)
 n - an amulet of magic regeneration
 w - a ring of protection from cold
 B - a ring of poison resistance
 H - a +4 ring of evasion (right hand)
 N - an amulet of reflection (around neck)
 R - a ring of fire
 V - a ring of protection from fire
 W - a ring of positive energy
 X - a ring of protection from fire
Wands
 y - a wand of charming (19)
 G - a wand of paralysis (6)
 Z - a wand of mindburst (2)
Scrolls
 a - a scroll of identify
 c - 3 scrolls of noise
 e - 2 scrolls of blinking
 i - 6 scrolls of immolation
 l - 4 scrolls of teleportation
 m - 3 scrolls of fog
 o - 3 scrolls of enchant weapon
 u - 4 scrolls of amnesia
 v - 2 scrolls of magic mapping
 E - 2 scrolls of summoning
 J - a scroll of silence
 O - a scroll of fear
 S - 3 scrolls of enchant armour
Potions
 f - 2 potions of curing
 h - a potion of berserk rage
 p - 2 potions of attraction
 q - 3 potions of flight
 r - a potion of cancellation
 t - a potion of might
 x - a potion of resistance
 z - a potion of lignification
 A - a potion of haste
 K - 2 potions of magic
 L - a potion of ambrosia
 M - 2 potions of brilliance
 U - a potion of mutation


   Skills:
 + Level 16.0 Fighting
 - Level 18.0 Axes
 * Level 12.4 Armour
 * Level 11.4 Dodging


You had 12 spell levels left.
You didn't know any spells.
Your spell library was empty.

Dungeon Overview and Level Annotations

Branches:
Dungeon (12/15)            Temple (1/1) D:5            Lair (2/6) D:11
  Swamp (0/4) Lair:2       Spider (2/4) Lair:2          Orc (1/2) D:11

Altars:
Ashenzari
Cheibriados
Dithmenos
Elyvilon
Fedhas
Gozag
Hepliaklqana
Kikubaaqudgha
Makhleb
Nemelex Xobeh
Okawaru
Qazlal
Ru
Sif Muna
Trog
Uskayaw
Vehumet
Wu Jian
Xom
Yredelemnul
Zin
The Shining One

Shops:
D:5 !

Annotations:
D:11 Lodul, Maurice
Lair:1 exclusion: hydra


Innate Abilities, Weirdness & Mutations

You have a pair of horns on your head.
You reflexively headbutt those who attack you in melee.


Message History

The floor.
Unknown command.
Unknown command.
Unknown command.
A torpor snail comes into view.
The spark wasp bursts into living lightning!
The living lightning hits you.
The spark wasp blinks!
You fail to use your ability.
The spark wasp stings you! The spark wasp shocks you!
The spark wasp stings you!! The spark wasp shocks you!
Okay, then.
Unknown command.
You feel much better. The spark wasp misses you.
The spark wasp stings you but does no damage.
As you read the scroll of teleportation, it crumbles to dust.
You feel strangely unstable. The spark wasp closely misses you.
You furiously retaliate!
You headbutt the spark wasp! The spark wasp completely misses you.
The spark wasp stings you! The spark wasp shocks you!
The spark wasp stings you. The spark wasp shocks you!
* * * LOW HITPOINT WARNING * * *
The spark wasp misses you. The spark wasp stings you!
* * * LOW HITPOINT WARNING * * *
The spark wasp shocks you!
* * * LOW HITPOINT WARNING * * *
Unknown command.
You feel much better.
Your surroundings seem slightly different.
The spark wasp bursts into living lightning!
The living lightning misses you.
The spark wasp blinks! x2
The spark wasp stings you.
* * * LOW HITPOINT WARNING * * *
The spark wasp shocks you!
* * * LOW HITPOINT WARNING * * *
The spark wasp attacks as you move away!
You block the spark wasp's attack. The spark wasp misses you.
You furiously retaliate!
You headbutt the spark wasp!
You feel protected. The spark wasp stings you!
You die...

...## #.....
#...######.....
##$.....##.....
#....w....^...
#............#
#####............#
#.....†§...w.....##
#.#................##
..###......)##.y@...#
.## #....#######..#.#
#.# ##..########.##
.. #.# ##.####....###
. #.###.## #......#
#.......# ..##.##
#......# #........#
#.##.#
##.....###........##
##...#
#......##.........#
#....##
##.....##.........##


You could see a spark wasp and 2 torpor snails.

Vanquished Creatures
  A ghost moth (Spider:1)
  4 boulder beetles
  A jorogumo (Spider:2)
  4 two-headed ogres
  A radroach (Spider:1)
  A sun moth (Spider:1)
  A steelbarb worm (Spider:2)
  2 pharaoh ants
  3 orb spiders
  A bog body (Lair:2)
  2 moths of wrath (Spider:1)
  An ugly thing (D:8)
  A cyclops (D:12)
  A manticore (D:12)
  A faun (shapeshifter) (D:9)
  8 wolf spiders
  5 slime creatures (D:12)
  A torpor snail (Spider:2)
  Maggie (Lair:2)
  9 cane toads
  A demonic crawler (Spider:1)
  Psyche (D:11)
  2 komodo dragons (Lair:1)
  5 tarantellas
  A hornet (D:9)
  Sigmund (D:3)
  2 centaur simulacra (D:11)
  7 jumping spiders
  5 culicivoras
  3 shadows
  A wraith (D:9)
  Eustachio (D:5)
  2 fire elementals (Lair:2)
  31 yaks
  3 fire bats (Lair:2)
  A steam dragon (D:10)
  19 redbacks
  Edmund (D:6)
  3 swamp worms (Lair:2)
  An acid dragon (D:9)
  9 water moccasins
  2 ice beasts
  A sky beast (D:6)
  4 orc warriors
  3 ogres
  17 wolves
  9 centaurs
  2 phantoms (D:6)
  5 kobold brigands
  10 bullfrogs
  A gnoll sergeant (D:9)
  2 scorpions
  2 necrophages
  12 wights
  3 jellies
  7 killer bees
  3 electric eels
  2 howler monkeys (D:10)
  3 hounds
  2 orc priests (D:7)
  A gnoll shaman (D:4)
  An iguana (D:4)
  14 orc wizards
  Robin (D:2)
  3 adders
  7 gnolls
  17 white imps
  2 ufetubi (D:5)
  2 worms (D:2)
  4 dart slugs
  35 orcs
  3 endoplasms
  2 giant cockroaches
  25 goblins
  7 hobgoblins
  3 jackals (D:1)
  29 kobolds
  A quokka (D:4)
  3 ball pythons
  4 bats
  5 frilled lizards
  5 rats
413 creatures vanquished.

Vanquished Creatures (collateral kills)
  Louise (Spider:1)
  2 entropy weavers (Spider:1)
  A jumping spider (Spider:1)
  A culicivora (Spider:1)
  A basilisk (Lair:1)
  2 redbacks (Spider:1)
  A sky beast (D:3)
9 creatures vanquished.

Vanquished Creatures (others)
  6 fungi (Lair:2)
  7 plants
13 creatures vanquished.

Grand Total: 435 creatures vanquished

Notes
Turn   | Place    | Note
-------+----------+-------------------------------------------
     0 | D:1      | sfbr the Minotaur Berserker began the quest for the Orb.
     0 | D:1      | Reached XP level 1. HP: 19/19 MP: 0/0
   230 | D:1      | Reached XP level 2. HP: 17/27 MP: 1/1
   549 | D:1      | Reached skill level 4 in Axes
   670 | D:1      | Reached XP level 3. HP: 33/33 MP: 2/2
   909 | D:1      | Found a sparkling altar of Nemelex Xobeh.
  1108 | D:2      | Reached ** piety under Trog
  1249 | D:2      | Noticed Robin
  1266 | D:2      | Reached XP level 4. HP: 41/41 MP: 3/3
  1272 | D:2      | Killed Robin
  1273 | D:2      | Reached skill level 5 in Axes
  2304 | D:3      | Noticed a sky beast
  2381 | D:3      | Killed a sky beast
  2382 | D:3      | Reached skill level 5 in Fighting
  2382 | D:3      | Reached skill level 6 in Axes
  2382 | D:3      | Reached XP level 5. HP: 6/48 MP: 4/4
  2686 | D:3      | Noticed Sigmund
  2863 | D:3      | Found a faded altar of an unknown god.
  3168 | D:4      | Reached XP level 6. HP: 56/56 MP: 5/5
  3190 | D:4      | Reached skill level 7 in Axes
  3458 | D:4      | Reached XP level 7. HP: 49/63 MP: 6/6
  3641 | D:4      | Reached *** piety under Trog
  3974 | D:5      | Entered Level 5 of the Dungeon
  4076 | D:3      | Killed Sigmund
  4077 | D:3      | Reached skill level 8 in Axes
  4321 | D:5      | Found Voito's Distillery.
  4326 | D:5      | Bought a potion of flight for 42 gold pieces
  4326 | D:5      | Bought a potion of haste for 140 gold pieces
  4326 | D:5      | Bought a potion of curing for 42 gold pieces
  4627 | D:5      | Reached skill level 9 in Axes
  4868 | D:5      | Noticed Eustachio
  5160 | D:5      | Reached XP level 8. HP: 73/73 MP: 7/7
  5466 | D:5      | Killed Eustachio
  5467 | D:5      | Reached skill level 10 in Axes
  5521 | D:5      | Found a staircase to the Ecumenical Temple.
  5527 | Temple   | Entered the Ecumenical Temple
  5823 | D:6      | Noticed Edmund
  5843 | D:6      | Killed Edmund
  6036 | D:6      | Reached skill level 11 in Axes
  6212 | D:6      | You fall into a shaft and drop 3 floors!
  6214 | D:9      | Noticed a hornet
  6233 | D:10     | Entered Level 10 of the Dungeon
  6321 | D:9      | Reached XP level 9. HP: 82/82 MP: 8/8
  6351 | D:9      | Reached skill level 12 in Axes
  6578 | D:9      | Noticed a shock serpent
  6578 | D:9      | a redback changed into a shock serpent
  6579 | D:9      | Noticed a faun
  6579 | D:9      | a shock serpent changed into a faun
  6585 | D:9      | Killed a faun
  6626 | D:8      | Reached skill level 13 in Axes
  7061 | D:6      | Reached skill level 10 in Fighting
  7065 | D:6      | Reached skill level 14 in Axes
  7253 | D:6      | Reached XP level 10. HP: 93/93 MP: 9/9
  7256 | D:6      | Reached **** piety under Trog
  9562 | D:8      | Reached skill level 15 in Axes
  9940 | D:8      | Noticed a white ugly thing
 10873 | D:8      | Killed a white ugly thing
 10874 | D:8      | Reached skill level 16 in Axes
 11312 | D:9      | Reached XP level 11. HP: 100/105 MP: 10/10
 11728 | D:9      | Found a shadowy altar of Dithmenos.
 11764 | D:9      | Identified the +2 robe of Proximity {rElec rF- rC+
                  | Archmagi}
 11951 | D:10     | Noticed a two-headed ogre
 12143 | D:10     | Killed a two-headed ogre
 12464 | D:11     | Noticed a two-headed ogre
 12472 | D:11     | Killed a two-headed ogre
 12473 | D:11     | Reached skill level 17 in Axes
 12614 | D:11     | Noticed a boulder beetle
 13072 | D:11     | Killed a boulder beetle
 13236 | D:11     | Noticed Psyche
 13237 | D:11     | Found a staircase to the Orcish Mines.
 13253 | D:11     | Killed Psyche
 13254 | D:11     | Reached skill level 18 in Axes
 13458 | Orc:1    | Entered Level 1 of the Orcish Mines
 13487 | D:11     | Noticed Maurice
 14187 | D:11     | Noticed Lodul
 14187 | D:11     | Noticed a two-headed ogre
 14187 | D:11     | Noticed a two-headed ogre
 14187 | D:11     | Noticed a two-headed ogre
 14187 | D:11     | Noticed a two-headed ogre
 14243 | D:11     | Killed a two-headed ogre
 14244 | D:11     | Reached XP level 12. HP: 117/117 MP: 11/11
 14323 | D:11     | Noticed a two-headed ogre
 14388 | D:11     | Noticed a two-headed ogre
 14397 | D:11     | Killed a two-headed ogre
 14398 | D:11     | Reached skill level 5 in Armour
 14550 | D:11     | Found a staircase to the Lair.
 14554 | Lair:1   | Entered Level 1 of the Lair of Beasts
 14716 | Lair:1   | Noticed a seven-headed hydra
 14739 | Lair:1   | Reached skill level 5 in Dodging
 14874 | Lair:1   | Upgraded the game from 0.29-a0-297-g7659ce593d to
                  | 0.29-a0-298-g3c90f9a769
 15636 | Lair:1   | Reached ***** piety under Trog
 17013 | Lair:2   | Noticed Maggie
 17038 | Lair:2   | Killed Maggie
 17490 | Lair:2   | Reached skill level 15 in Fighting
 17782 | Lair:2   | Found a hole to the Spider Nest.
 17941 | Lair:2   | Found a staircase to the Swamp.
 18120 | Spider:1 | Entered Level 1 of the Spider Nest
 18205 | Spider:1 | Reached XP level 13. HP: 126/126 MP: 12/12
 18631 | Spider:1 | Noticed an entropy weaver
 18634 | Spider:1 | Killed an entropy weaver
 18635 | Spider:1 | Reached skill level 10 in Armour
 18675 | Spider:1 | Noticed an entropy weaver
 18704 | Spider:1 | Killed an entropy weaver
 18765 | Spider:1 | Noticed Louise
 19315 | Spider:1 | Reached skill level 10 in Dodging
 21497 | Spider:1 | Killed Louise
 21927 | Spider:1 | Killed a ghost moth
 22369 | Spider:2 | Received a gift from Trog
 24761 | Spider:2 | Noticed a spark wasp
 24768 | Spider:2 | HP: 2/125 [spark wasp[a torpor snail] (16)]
 24771 | Spider:2 | Mangled by a spark wasp

Illustrated notes

Levels and vault maps discovered:
D:1:      dpeg_arrival_lava_altar, layout_loops_cross, chequers_garden
D:2:      layout_loops_ring, uniq_robin
D:3:      layout_loops_ring, hellmonk_ecumenical_altar_inner_sanctum,
          uniq_sigmund
D:4:      layout_loops_ring, grunt_decor_junction, minmay_misc_feat_nine_boxes
D:5:      layout_loops_corners, minmay_temple_entry_enclosed_plants,
          serial_shops, shop, uniq_eustachio
D:6:      layout_basic, uniq_edmund
D:7:      layout_basic, enter_bailey_5
D:8:      layout_basic
D:9:      layout_basic, general_overflow_altar, minmay_chambers_of_fives
D:10:     layout_rooms
D:11:     wad_pebble_path, layout_basic, lair_entry_dummy, david_orc_2,
          serial_ice, serial_ice_b, serial_ice_k, serial_ice_g, serial_ice_h,
          portal_ice_cave_entry_imps, uniq_lodul, uniq_maurice, uniq_psyche,
          uniq_erolcha
D:12:     layout_layer_cave
Temple:   kilobyte_greek_temple
Lair:1:   layout_regular_city, grunt_megastairs_1
Lair:2:   layout_chaotic_city, nicolae_swamp_entry_splash_gauntlet,
          spider_nest_entry_funnel_web, beast_lair_carwin_10, uniq_maggie
Spider:1: layout_chambers, uniq_louise
Spider:2: layout_chambers
Orc:1:    layout_caves, uniq_urug

Skill      XL: |  1  2  3  4  5  6  7  8  9 10 11 12 13 |
---------------+----------------------------------------+-----
Fighting       | 4 5 6 7 8 10 12 14 15 16 | 16.0
Axes           | 4 6 7 9 11 14 16 18 | 18.0
Armour         | 4 9 12 | 12.4
Dodging        | 4 8 11 | 11.4

Action                   |  1- 3 |  4- 6 |  7- 9 | 10-12 | 13-15 || total
-------------------------+-------+-------+-------+-------+-------++-------
Melee: Hand axe          |    48 |       |       |       |       ||    48
       Headbutt          |    12 |     5 |    27 |   133 |    47 ||   224
       Broad axe         |    23 |    73 |   163 |   539 |   204 ||  1002
Invok: Berserk           |     1 |     2 |     4 |     5 |       ||    12
       Trog's Hand       |       |       |     3 |     1 |     1 ||     5
       Brothers in Arms  |       |       |       |     3 |     3 ||     6
  Use: Scroll            |       |     9 |     5 |    15 |     4 ||    33
       Potion            |       |       |       |       |     4 ||     4
 Stab: Sleeping          |     2 |     3 |     3 |     6 |     3 ||    17
Armor: Animal skin       |    18 |    36 |    54 |    47 |       ||   155
       Leather armour    |       |       |       |    84 |    92 ||   176
Dodge: Dodged            |    33 |    39 |    99 |   262 |   141 ||   574
Block: Orb               |       |       |       |    66 |    35 ||   101
       Reflection        |       |       |       |     7 |       ||     7

Table legend: (Time is in decaauts)
 A = Elapsed time spent in this place.
 B = Non-inter-level travel time spent in this place.
 C = Inter-level travel time spent in this place.
 D = Time resting spent in this place.
 E = Time spent auto-exploring this place.
 F = Levels seen in this place.
 G = Mean time per level.
                   A        B        C        D        E       F      G
               +--------+--------+--------+--------+--------+-----+--------+
         Total |  25487 |  24910 |    577 |  11949 |   7769 |  18 | 1415.9 |
       Dungeon |  14884 |  14448 |    436 |   5665 |   5192 |  12 | 1240.3 |
        Temple |    132 |    121 |     11 |      0 |    116 |   1 |  132.0 |
          Lair |   3683 |   3566 |    117 |   1442 |   1283 |   2 | 1841.5 |
   Spider Nest |   6784 |   6771 |     13 |   4841 |   1178 |   2 | 3392.0 |
  Orcish Mines |      1 |      1 |      0 |      0 |      0 |   1 |    1.0 |
               +--------+--------+--------+--------+--------+-----+--------+

Top non-repeatable levels by time:
Spider:1: 4304 daAuts
Spider:2: 2479 daAuts
     D:8: 2052 daAuts
  Lair:2: 1943 daAuts
  Lair:1: 1740 daAuts
    D:11: 1710 daAuts
     D:7: 1653 daAuts
     D:5: 1527 daAuts
     D:2: 1302 daAuts
     D:6: 1239 daAuts
     D:9: 1191 daAuts
     D:3: 1138 daAuts
     D:1: 968 daAuts
     D:4: 894 daAuts
    D:10: 758 daAuts
